 Dungeon Crawl Stone Soup version 0.29.1-14-g9c671dbff4 (webtiles) character file.

Game seed: 7162943275720131897

3864 MariaPascua the Twirler (level 10, -5/80 HPs)
             Began as a Meteoran Artificer on Feb 15, 2023.
             Was a High Priest of Nemelex Xobeh.
             Killed from afar by Erica (25 damage)
             ... with a bolt of poison
             ... on level 8 of the Dungeon.
             The game lasted 00:30:23 (4956 turns).

MariaPascua the Twirler (Meteoran Artificer)        Turns: 4956, Time: 00:30:23

Health: -5/80      AC:  5    Str: 15    XL:     10   Next: 68%
Magic:  15/15      EV: 13    Int: 16    God:    Nemelex Xobeh [*****.]
Gold:   81         SH:  0    Dex: 13    Spells: 12/14 levels left

rFire   + . .      SeeInvis .   g - +6 quarterstaff of the Manifold Realms {vorpal, Stlth+}
rCold   x . .      Faith    .   (shield currently unavailable)
rNeg    . . .      Spirit   .   n - +2 robe
rPois   .          Reflect  .   t - +1 hat
rElec   .          Harm     .   (no cloak)
rCorr   .          Rampage  .   (no gloves)
Will    +....                   (no boots)
Stlth   ++........              (no amulet)
HPRegen 0.23/turn               l - ring of fire
MPRegen 0.14/turn               u - ring of wizardry

@: lethally poisoned (-5 -> -21), glowing
A: sense surroundings 2, otherworldly, glowing, explore regen, clumsy 1
a: Renounce Religion, Draw Escape, Draw Destruction, Draw Summoning, Triple
Draw, Deal Four, Stack Five


You were on level 8 of the Dungeon.
You worshipped Nemelex Xobeh.
Nemelex Xobeh was extremely pleased with you.
You visited 1 branch of the dungeon, and saw 8 of its levels.
You also visited: Sewer.

You collected 328 gold pieces.
You spent 247 gold pieces at shops.

Inventory:

Hand Weapons
 a - a +0 club
 g - the +6 quarterstaff of the Manifold Realms (weapon) {vorpal, Stlth+}
   (You found it on level 4 of the Dungeon)

   It inflicts extra damage upon your enemies.
   Stlth:     It makes you more stealthy.
 m - a +3 dagger of venom
 z - the +7 dagger of Huneri {flame, Fly rF- rN+ Str+4}
   (You found it on level 5 of the Dungeon)

   It burns those it strikes, dealing additional fire damage.
   Str:       It affects your strength (+4).
   rF:        It makes you vulnerable to fire.
   rN:        It protects you from negative energy.
   Fly:       It grants you flight.
Missiles
 i - 16 boomerangs
 j - 4 javelins (quivered)
 p - 21 poisoned darts
 H - a throwing net
Armour
 b - a +0 leather armour
 f - a +0 buckler
 k - a +0 scale mail
 n - a +2 robe (worn)
 s - a +1 kite shield of cold resistance
 t - a +1 hat (worn)
Jewellery
 l - a ring of fire (left hand)
 o - a ring of ice
 u - a ring of wizardry (right hand)
Wands
 c - a wand of flame (26)
 d - a wand of charming (13)
Scrolls
 y - 2 scrolls of enchant armour {unknown}
 E - a scroll of poison
 I - a scroll of amnesia
 K - a scroll of torment {unknown}
Potions
 h - 2 potions of brilliance
 q - 3 potions of cancellation
 v - a potion of mutation
 w - 2 potions of haste
 x - 3 potions of might
 A - 2 potions of heal wounds
 B - 2 potions of attraction {unknown}
 C - 2 potions of ambrosia {unknown}
 D - 2 potions of curing
 F - a potion of berserk rage
 L - 2 potions of resistance {unknown}


   Skills:
 * Level 4.5 Fighting
 * Level 3.6 Short Blades
 * Level 5.0(6.9) Maces & Flails
 * Level 6.7(7.4) Staves
 * Level 4.0 Throwing
 * Level 5.4 Armour
 * Level 4.7 Dodging
 * Level 3.1 Stealth
 * Level 4.4 Shields
 * Level 2.7 Spellcasting
 * Level 2.7 Hexes
 * Level 2.6 Ice Magic
 * Level 4.3 Invocations
 * Level 6.2 Evocations


You had 12 spell levels left.
You knew the following spells:

 Your Spells              Type           Power      Damage    Failure   Level
a - Ensorcelled Hibernat  Hex/Ice        20%        N/A       4%          2

Your spell library contained the following spells:

 Spells                   Type           Power      Damage    Failure   Level
 Passwall                 Tmut/Erth      1%         N/A       12%         2
 Swiftness                Air            2%         N/A       22%         3


Dungeon Overview and Level Annotations

Branches:
Dungeon (8/15) Zot: 363    Temple (0/1) D:5           Sewer (visited)
   Lair: D:8-11

Altars:
Fedhas
Kikubaaqudgha
Makhleb
Nemelex Xobeh
Trog
Vehumet
Zin
The Shining One

Shops:
D:3 [   D:4 :   D:5 [=   D:7 !

Annotations:
D:8 Erica


Innate Abilities, Weirdness & Mutations

You passively map the area around you.
You are easily found by Zot.
You glow in the dark.
You regain HP and MP as you explore.
You are clumsy. (Dex -2)


Message History

Erica flickers and vanishes!
Deactivating autopickup; reactivate with Ctrl-A.
Something tries to affect you, but you resist.
You hear some strange, mumbled words.
Something tries to affect you, but you resist.
You hear some strange, mumbled words.
A lance of force appears from out of thin air!
The lance of force hits you!!
You are knocked back by the lance of force.
You slam into the rock wall!
You hear some strange, mumbled words.
A lance of force appears from out of thin air!
The lance of force hits you!
You are knocked back by the lance of force.
You slam into the rock wall!
* * * LOW HITPOINT WARNING * * *
You feel much better.
You hear some strange, mumbled words.
A lance of force appears from out of thin air!
The lance of force hits you!
* * * LOW HITPOINT WARNING * * *
You are knocked back by the lance of force.
As you read the scroll of butterflies, it crumbles to dust.
You hear the tinkle of a tiny bell.
You swap places.
You swap places.
Something completely misses your butterfly.
There is an open door here.
Something hits your butterfly! Something burns your butterfly.
Your butterfly dies!
Your butterfly disappears in a burst of colours!
Something misses your butterfly.
You see here a +0 shortbow.
There is an open door here.
You hear some strange, mumbled words.
A bolt of poison appears from out of thin air!
The bolt of poison hits you!!
You are poisoned.
You die...
Your body glows with a rainbow of weird colours and disappears.

..)...# #.# ...†..#
##.######
.)))..#####
#..b....#
...#...<..#
#.......#
..###.....#####
#######..bb...# .##
##....'...#
#....##b..b...# #+
##.[.###.#
#....##.bb....# #*
_, ##..#
#.####....##b......#
*#...#
#.#.@')...###b######
. #..### #.#.##....#
#.# . * #..#
#.#.##.{..###.## ..
#..#
#.#.##.........#
*...#
#.#.############
#### #.#.......#
#.#######.#
#......)..#
###########


There were no monsters in sight!

Vanquished Creatures
  A slime creature (D:6)
  An acid dragon (D:8)
  A naga (Sewer)
  A water moccasin (D:6)
  An orc warrior (D:8)
  2 black bears (D:7)
  A centaur (D:8)
  An ogre (D:4)
  2 wolves (D:8)
  2 phantoms
  2 bullfrogs
  2 kobold brigands (D:6)
  A necrophage (D:7)
  7 scorpions
  A howler monkey (D:6)
  3 jellies (D:6)
  2 orc priests
  A gnoll bouda (D:5)
  4 iguanas
  8 adders
  6 gnolls
  A river rat (Sewer)
  A white imp (D:8)
  3 worms
  3 dart slugs
  16 orcs
  8 ball pythons
  10 endoplasms
  4 giant cockroaches
  7 goblins
  4 hobgoblins
  4 quokkas
  4 bats
  4 frilled lizards
  18 kobolds
  34 rats
171 creatures vanquished.

Vanquished Creatures (collateral kills)
  A hornet (D:7)
  Sigmund (D:3)
  A wyvern (D:7)
  Grum (D:8)
  An orc warrior (D:7)
  An ice beast (D:7)
  A black bear (D:6)
  An ogre (D:7)
  A phantom (D:7)
  A necrophage (D:6)
  2 gnoll boudas (D:7)
  A jelly (D:6)
  5 gnolls (D:7)
  2 adders (Sewer)
  An ufetubus (D:7)
  2 orcs (D:7)
  A goblin (Sewer)
  A hobgoblin (D:4)
  A jackal (Sewer)
  2 quokkas (Sewer)
  2 ball pythons
  4 kobolds (Sewer)
  A rat (Sewer)
35 creatures vanquished.

Vanquished Creatures (others)
  A fungus (D:6)
  12 toadstools (D:6)
13 creatures vanquished.

Grand Total: 219 creatures vanquished

Notes
Turn   | Place    | Note
-------+----------+-------------------------------------------
     0 | D:1      | MariaPascua the Meteoran Artificer began the quest for the
                  | Orb.
     0 | D:1      | Reached XP level 1. HP: 16/16 MP: 2/2
   124 | D:1      | Found a faded altar of an unknown god.
   133 | D:1      | Prayed at the altar of an unknown god.
   133 | D:1      | Became a worshipper of Nemelex Xobeh the Trickster
   133 | D:1      | Reached * piety under Nemelex Xobeh
   133 | D:1      | Received a gift from Nemelex Xobeh
   233 | D:1      | Reached XP level 2. HP: 23/23 MP: 3/3
   486 | D:1      | Glimpsed the power of Zot.
   533 | D:1      | Glimpsed the power of Zot.
   572 | D:1      | Glimpsed the power of Zot.
   582 | D:1      | Touched by the power of Zot.
   812 | D:2      | Reached XP level 3. HP: 17/21 MP: 4/4
  1218 | D:3      | Reached ** piety under Nemelex Xobeh
  1226 | D:3      | Found a blossoming altar of Fedhas.
  1226 | D:3      | Found a radiant altar of Vehumet.
  1231 | D:3      | Found a glowing silver altar of Zin.
  1231 | D:3      | Found a burning altar of Makhleb.
  1253 | D:3      | Found Ciqo's Antique Armour Emporium.
  1377 | D:3      | Noticed Sigmund
  1416 | D:3      | Killed Sigmund
  1417 | D:3      | Reached skill level 1 in Throwing
  1417 | D:3      | Reached skill level 1 in Stealth
  1417 | D:3      | Reached skill level 1 in Shields
  1417 | D:3      | Reached skill level 1 in Invocations
  1417 | D:3      | Reached XP level 4. HP: 12/36 MP: 4/6
  1417 | D:3      | Reached XP level 5. HP: 14/41 MP: 4/7
  1417 | D:3      | Reached XP level 6. HP: 16/48 MP: 4/8
  1468 | D:3      | Found a glowing golden altar of the Shining One.
  1540 | D:3      | Received a gift from Nemelex Xobeh
  1861 | D:3      | Glimpsed the power of Zot.
  1911 | D:3      | Glimpsed the power of Zot.
  1955 | D:4      | Identified the -2 quarterstaff of Saucy {venom, Int+3}
  2011 | D:4      | Noticed an ogre
  2017 | D:4      | Killed an ogre
  2018 | D:4      | Reached XP level 7. HP: 40/55 MP: 9/9
  2078 | D:4      | Found Komozats's Book Shoppe.
  2117 | D:4      | Identified the +6 quarterstaff of the Manifold Realms
                  | {vorpal, Stlth+}
  2183 | D:4      | Found an ancient bone altar of Kikubaaqudgha.
  2228 | D:4      | Reached skill level 1 in Short Blades
  2351 | D:4      | Found a glowing drain.
  2364 | Sewer    | Entered a sewer
  2403 | Sewer    | Identified the -2 quarterstaff "Juagrij" {vorpal, Int+5}
  2411 | Sewer    | Reached skill level 5 in Evocations
  2608 | Sewer    | Noticed a naga
  2608 | Sewer    | a kobold brigand changed into a naga
  2644 | Sewer    | Killed a naga
  2645 | Sewer    | Reached skill level 1 in Staves
  2645 | Sewer    | Reached XP level 8. HP: 10/62 MP: 10/10
  2838 | D:4      | Glimpsed the power of Zot.
  2884 | D:5      | Entered Level 5 of the Dungeon
  2887 | D:5      | Reached *** piety under Nemelex Xobeh
  3012 | D:5      | Identified the +7 dagger of Huneri {flame, Fly rF- rN+
                  | Str+4}
  3032 | D:5      | Learned a level 2 spell: Ensorcelled Hibernation
  3045 | D:5      | Found a staircase to the Ecumenical Temple.
  3076 | D:5      | Found Leff's One-of-a-Kind Rings.
  3354 | D:5      | Found Ushricat's Armour Emporium.
  3430 | D:5      | Glimpsed the power of Zot.
  3538 | D:6      | Gained mutation: You passively map the area around you.
                  | [Meteoran growth]
  3538 | D:6      | Reached XP level 9. HP: 5/69 MP: 12/12
  3568 | D:6      | Reached skill level 1 in Spellcasting
  3568 | D:6      | Reached skill level 1 in Hexes
  3634 | D:6      | Reached skill level 1 in Ice Magic
  3648 | D:6      | Gained mutation: You are clumsy. (Dex -2) [potion of
                  | mutation]
  3648 | D:6      | HP: 3/70 [poisoned by a scorpion]
  3755 | D:6      | Noticed a slime creature
  3765 | D:6      | Killed a slime creature
  4024 | D:6      | Glimpsed the power of Zot.
  4064 | D:7      | Reached **** piety under Nemelex Xobeh
  4064 | D:7      | Received a gift from Nemelex Xobeh
  4064 | D:7      | Found Ycos's Distillery.
  4147 | D:7      | Bought a potion of heal wounds for 65 gold pieces
  4147 | D:7      | Bought a potion of berserk rage for 65 gold pieces
  4147 | D:7      | Bought a potion of heal wounds for 65 gold pieces
  4147 | D:7      | Bought a potion of might for 52 gold pieces
  4226 | D:7      | Found a bloodstained altar of Trog.
  4241 | D:7      | Reached skill level 5 in Staves
  4302 | D:7      | Reached skill level 5 in Armour
  4302 | D:7      | Reached XP level 10. HP: 67/78 MP: 14/14
  4369 | D:7      | Received a gift from Nemelex Xobeh
  4578 | D:7      | Received a gift from Nemelex Xobeh
  4620 | D:7      | Glimpsed the power of Zot.
  4669 | D:8      | Reached ***** piety under Nemelex Xobeh
  4779 | D:8      | Noticed Grum
  4790 | D:8      | Reached skill level 5 in Maces & Flails
  4794 | D:8      | Killed Grum
  4915 | D:8      | Noticed Erica
  4956 | D:8      | Killed from afar by Erica

Illustrated notes

Levels and vault maps discovered:
D:1:      dpeg_arrival_water_altar, layout_loops_corners,
          ebering_ecumenical_altar_hall
D:2:      layout_rooms
D:3:      layout_basic, tso_altar, grunt_temple_overflow_open, serial_shops,
          shop, serial_corexii_hall, corexii_hall_statues_x,
          corexii_hall_statues_deadend, corexii_hall_statues_s,
          chequers_hall_statues_corner_a, hangedman_abyss_or_decor_stabs,
          uniq_sigmund
D:4:      layout_rooms, kennysheep_mini_moat,
          mainiacjoe_overflow_small_starburst, lightli_sewer_entry_pipes,
          serial_shops, shop, corexii_mini_fake_secret_closet,
          minmay_misc_feat_more_columns
D:5:      layout_loops_ring, minmay_temple_entry_crystal_x, serial_shops,
          kennysheep_mini, nicolae_shop_unique_rings
D:6:      cheibrodos_fertilizer, layout_basic
D:7:      layout_gridville, nicolae_qazlal_scattered_showers,
          trog_ov_bears_minmay, serial_shops, nicolae_shop_advertising_works
          [nicolae_subvault_shop_adworks]
D:8:      layout_basic, nemelex_diamond_rough_becter,
          mainiacjoe_overflow_brackets, serial_shops, nicolae_square_shop,
          uniq_erica, uniq_grum

Skill      XL: |  1  2  3  4  5  6  7  8  9 10 |
---------------+-------------------------------+-----
Evocations     | 4 5 6 |  6.2
Maces & Flails | 2 3 4 5 |  5.0
Throwing       | 1 2 3 4 |  4.0
Armour         | 3 4 5 |  5.4
Dodging        | 2 3 4 |  4.7
Stealth        | 1 2 3 |  3.1
Shields        | 1 2 3 4 |  4.4
Invocations    | 1 2 3 4 |  4.3
Fighting       | 2 3 4 |  4.5
Short Blades   | 1 2 3 |  3.6
Staves         | 1 3 5 6 |  6.7
Spellcasting   | 2 |  2.7
Hexes          | 1 2 |  2.7
Ice Magic      | 1 2 |  2.6

Action                   |  1- 3 |  4- 6 |  7- 9 | 10-12 || total
-------------------------+-------+-------+-------+-------++-------
Melee: Club              |    93 |       |       |       ||    93
       Dagger            |       |    42 |    74 |       ||   116
       Quarterstaff      |       |       |   146 |    19 ||   165
Throw: Javelin           |       |     5 |    25 |     4 ||    34
       Dart              |       |     4 |       |     1 ||     5
 Cast: Ensorcelled Hiber |       |       |     1 |       ||     1
Invok: Draw Destruction  |     1 |     1 |    10 |     2 ||    14
       Draw Summoning    |     1 |     1 |     4 |     5 ||    11
       Draw Escape       |       |       |     2 |       ||     2
Evoke: Wand              |     9 |     2 |    15 |     5 ||    31
  Use: Scroll            |     2 |     3 |     2 |     3 ||    10
       Potion            |     1 |     1 |     4 |     2 ||     8
 Stab: Sleeping          |       |       |     2 |     1 ||     3
       Distracted        |       |       |     1 |       ||     1
Armor: Leather armour    |    26 |       |       |       ||    26
       Scale mail        |    17 |       |       |       ||    17
       Robe              |       |    15 |    86 |     5 ||   106
Dodge: Dodged            |    48 |    24 |   134 |    17 ||   223
Block: Buckler           |    18 |     4 |       |       ||    22
       Kite shield       |       |    15 |    39 |       ||    54
